 Dungeon Crawl Stone Soup version 0.29-a0-337-g68df138881 (webtiles) character file.

Game seed: 1671777277434861607

4214 kevlar127 the Grappler (level 10, -4/102 HPs)
             Began as a Troll Berserker on Apr 16, 2022.
             Was an Elder of Trog.
             Slain by a seven-headed hydra (13 damage)
             ... on level 9 of the Dungeon.
             The game lasted 01:55:10 (12846 turns).

kevlar127 the Grappler (Troll Berserker)           Turns: 12846, Time: 01:55:12

Health: -4/102     AC:  4    Str: 31    XL:     10   Next: 9%
Magic:  9/9        EV: 10    Int:  3    God:    Trog [****..]
Gold:   475        SH:  0    Dex:  9    Spells: 9/9 levels left

rFire   + . .      SeeInvis .     - Unarmed
rCold   + . .      Faith    .   (no shield)
rNeg    + . .      Spirit   .   a - +0 animal skin
rPois   .          Reflect  .   (helmet restricted)
rElec   .          Harm     .   n - scarf {rC+ rF+}
rCorr   .          Rampage  .   (gloves unavailable)
Will    +++..                   (boots unavailable)
Stlth   +.........              A - amulet of the acrobat
HPRegen 2.07/turn               E - ring of positive energy
MPRegen 0.11/turn               x - ring of willpower

@: strong-willed, regenerating
A: large, unfitting armour, claws 3, regeneration 1, shaggy fur 1, tough skin 1
a: Renounce Religion, Berserk, Trog's Hand, Brothers in Arms


You were on level 9 of the Dungeon.
You worshipped Trog.
Trog was greatly pleased with you.
You visited 1 branch of the dungeon, and saw 9 of its levels.
You also visited: Ossuary.

You collected 583 gold pieces.
You spent 108 gold pieces at shops.

Inventory:

Hand Weapons
 H - a +2 trident of venom
 O - a +0 dagger
Missiles
 c - 285 stones
 p - 8 boomerangs
 C - 7 large rocks (quivered)
 D - 4 curare-tipped darts
 G - 2 throwing nets
 K - 40 poisoned darts
Armour
 a - a +0 animal skin (worn)
 n - a scarf of resistance (worn)
Jewellery
 x - a ring of willpower (right claw)
 A - an amulet of the acrobat (around neck)
 E - a ring of positive energy (left claw)
Wands
 y - a wand of flame (45)
 F - a wand of mindburst (12)
 I - a wand of iceblast (22)
Scrolls
 b - 2 scrolls of noise {unknown}
 d - 2 scrolls of identify
 j - 3 scrolls of teleportation {unknown}
 k - a scroll of holy word {unknown}
 s - 4 scrolls of enchant weapon {unknown}
 t - 2 scrolls of blinking {unknown}
 v - 2 scrolls of vulnerability {unknown}
 w - a scroll of summoning
 z - 2 scrolls of magic mapping {unknown}
 J - a scroll of immolation {unknown}
 L - 3 scrolls of enchant armour {unknown}
 M - a scroll of amnesia {unknown}
 N - a scroll of fear {unknown}
Potions
 e - 2 potions of lignification {unknown}
 f - a potion of might
 g - 4 potions of curing
 h - 4 potions of degeneration
 i - a potion of attraction
 l - 3 potions of brilliance {unknown}
 m - a potion of ambrosia
 q - 2 potions of berserk rage {unknown}
 r - 3 potions of flight
 u - 3 potions of mutation
 B - a potion of resistance


   Skills:
 + Level 7.5 Fighting
 + Level 7.5 Throwing
 - Level 2.5 Dodging
 + Level 9.2 Unarmed Combat


You had 9 spell levels left.
You didn't know any spells.
Your spell library contained the following spells:

 Spells                   Type           Power      Damage    Failure   Level
 Beastly Appendage        Tmut           0%         N/A       52%         1
 Passwall                 Tmut/Erth      0%         N/A       67%         2
 Wereblood                Tmut           0%         N/A       67%         2
 Conjure Flame            Conj/Fire      0%         6-21      88%         3
 Ignite Poison            Fire/Tmut/Pois 0%         N/A       88%         3
 Spider Form              Tmut/Pois      0%         N/A       88%         3
 Tukima's Dance           Hex            0%         N/A       88%         3
 Animate Armour           Summ/Erth      0%         N/A       99%         4
 Passage of Golubria      Tloc           0%         N/A       99%         4
 Sticky Flame             Conj/Fire      0%         2d3       99%         4
 Yara's Violent Unravell  Hex/Tmut       0%         3d3       100%        5
 Statue Form              Tmut/Erth      0%         N/A       100%        6


Dungeon Overview and Level Annotations

Branches:
Dungeon (9/15)             Temple (0/1) D:7         Ossuary (visited)
   Lair: D:8-11         Orc: D:9-12

Altars:
Ashenzari
Dithmenos
Fedhas
Makhleb
Nemelex Xobeh
Okawaru
Trog
Vehumet
Wu Jian

Shops:
D:1 !   D:2 :   D:7 [   D:9 *


Innate Abilities, Weirdness & Mutations

You are too large for most types of armour.
You have claws for hands.
Your natural rate of healing is unusually fast.
You are covered in fur. (AC +1)
You have tough skin. (AC +1)


Message History

* * * LOW HITPOINT WARNING * * *
The seven-headed hydra bites you!
* * * LOW HITPOINT WARNING * * *
The seven-headed hydra closely misses you.
The seven-headed hydra bites you.
* * * LOW HITPOINT WARNING * * *
The seven-headed hydra attacks as you move away!
The seven-headed hydra bites you but does no damage.
The seven-headed hydra completely misses you. x2
The seven-headed hydra barely misses you.
The seven-headed hydra bites you but does no damage.
The seven-headed hydra barely misses you.
The seven-headed hydra completely misses you.
There is a stone staircase leading down here.
The seven-headed hydra bites you but does no damage.
The seven-headed hydra barely misses you.
The seven-headed hydra bites you.
* * * LOW HITPOINT WARNING * * *
The seven-headed hydra misses you.
The seven-headed hydra closely misses you.
The seven-headed hydra barely misses you.
The seven-headed hydra bites you!
* * * LOW HITPOINT WARNING * * *
The seven-headed hydra attacks as you move away!
The seven-headed hydra closely misses you.
The seven-headed hydra bites you!
* * * LOW HITPOINT WARNING * * *
The seven-headed hydra closely misses you.
The seven-headed hydra misses you.
The seven-headed hydra bites you but does no damage.
The seven-headed hydra completely misses you.
The seven-headed hydra misses you.
There is a stone staircase leading up here.
The seven-headed hydra bites you.
* * * LOW HITPOINT WARNING * * *
The seven-headed hydra bites you.
* * * LOW HITPOINT WARNING * * *
The seven-headed hydra barely misses you. x2
The seven-headed hydra bites you!
You die...

#.........# #..^...
#.........### #......
##...........## #......
...........#..###......
#.....>...##..))).....
#.........######......
#.........# #..[...
######D#### #......
#@.# #...... #.##
###'### #.# ..# ##.#
#... ########## #..#
##+ .........#
###'####### .........#
#.........#
.........####.........+
.........#..'.........#


You could see a seven-headed hydra.

Vanquished Creatures
  A cyclops (D:7)
  A kobold demonologist (D:9)
  A wraith (Ossuary)
  A steam dragon (D:4)
  A water moccasin (D:8)
  A sky beast (D:6)
  2 orc warriors (D:6)
  3 centaurs
  2 phantoms
  11 kobold brigands
  4 bullfrogs
  4 scorpions
  A necrophage (D:7)
  9 wights
  4 hounds
  4 orc priests
  A gnoll shaman (D:5)
  7 orc wizards
  3 iguanas
  3 mummies (Ossuary)
  3 gnolls (D:5)
  6 adders
  A shadow imp (D:5)
  2 white imps (D:7)
  4 dart slugs
  26 orcs
  5 endoplasms
  3 giant cockroaches
  5 goblins (D:1)
  5 hobgoblins
  11 jackals
  36 kobolds
  3 quokkas
  6 ball pythons
  6 bats
  3 frilled lizards
  A gnoll zombie (Ossuary)
  4 goblin zombies (Ossuary)
  A hobgoblin zombie (Ossuary)
  An orc zombie (Ossuary)
  3 rats
199 creatures vanquished.

Vanquished Creatures (others)
  3 demonic plants (D:2)
  14 plants
  2 withered plants (D:2)
19 creatures vanquished.

Grand Total: 218 creatures vanquished

Notes
Turn   | Place    | Note
-------+----------+-------------------------------------------
     0 | D:1      | kevlar127 the Troll Berserker began the quest for the Orb.
     0 | D:1      | Reached XP level 1. HP: 22/22 MP: 0/0
   132 | D:1      | Reached XP level 2. HP: 29/29 MP: 1/1
   315 | D:1      | Found Axtybb's Distillery.
  1275 | D:1      | Reached XP level 3. HP: 35/36 MP: 2/2
  2260 | D:1      | Bought a potion of curing for 36 gold pieces
  2260 | D:1      | Bought a potion of degeneration for 12 gold pieces
  2310 | D:2      | Found a faded altar of an unknown god.
  2320 | D:2      | Reached skill level 1 in Throwing
  3089 | D:2      | Reached skill level 4 in Unarmed Combat
  3126 | D:2      | Reached XP level 4. HP: 44/44 MP: 3/3
  3133 | D:2      | Found Vywnoirumm's Book Emporium.
  3214 | D:2      | Reached ** piety under Trog
  3541 | D:1      | Bought a potion of heal wounds for 60 gold pieces
  4379 | D:4      | Found Sirauwid's Jewellery Shoppe.
  4398 | D:4      | Found a broken altar of Ashenzari.
  4436 | D:4      | Noticed a steam dragon
  4446 | D:4      | Killed a steam dragon
  4447 | D:4      | Reached XP level 5. HP: 53/53 MP: 4/4
  4960 | D:4      | Reached XP level 6. HP: 36/61 MP: 5/5
  5551 | D:4      | Reached skill level 5 in Unarmed Combat
  5896 | D:4      | Found a blossoming altar of Fedhas.
  5896 | D:4      | Found an iron altar of Okawaru.
  5896 | D:4      | Found a bloodstained altar of Trog.
  5897 | D:4      | Found a shadowy altar of Dithmenos.
  6615 | D:5      | Entered Level 5 of the Dungeon
  7043 | D:5      | Reached XP level 7. HP: 70/70 MP: 6/6
  7541 | D:5      | Reached skill level 6 in Unarmed Combat
  8077 | D:6      | Reached XP level 8. HP: 35/79 MP: 7/7
  8278 | D:6      | Reached skill level 5 in Fighting
  8291 | D:6      | Got the Handbook of Stones
  8347 | D:6      | Reached skill level 5 in Throwing
  8487 | D:6      | Reached skill level 7 in Unarmed Combat
  9150 | D:6      | Found a radiant altar of Vehumet.
  9495 | D:7      | Found a staircase to the Ecumenical Temple.
  9505 | D:7      | Reached *** piety under Trog
  9691 | D:7      | Reached XP level 9. HP: 88/89 MP: 8/8
  9821 | D:7      | Noticed a cyclops
  9827 | D:7      | Killed a cyclops
  9828 | D:7      | Reached skill level 8 in Unarmed Combat
  9906 | D:7      | Found Ocsealis's Antique Armour Emporium.
 11317 | D:8      | Found a sparkling altar of Nemelex Xobeh.
 11330 | D:8      | Found a burning altar of Makhleb.
 11553 | D:8      | Found a sand-covered staircase.
 11561 | Ossuary  | Entered an ossuary
 12403 | D:8      | Found an ornate altar of the Wu Jian Council.
 12478 | D:9      | Found Ziup's Assorted Antiques.
 12529 | D:9      | Noticed a kobold demonologist
 12531 | D:9      | Noticed a rust devil
 12541 | D:9      | Killed a kobold demonologist
 12545 | D:9      | Reached skill level 9 in Unarmed Combat
 12561 | D:9      | Reached XP level 10. HP: 91/102 MP: 9/9
 12573 | D:9      | Reached **** piety under Trog
 12824 | D:9      | Noticed a seven-headed hydra
 12846 | D:9      | Slain by a seven-headed hydra

Illustrated notes

Levels and vault maps discovered:
D:1:      minmay_arrival_split_and_join, layout_basic, serial_shops, shop
D:2:      layout_loops_corners, serial_shops, nicolae_square_shop,
          shapermc_ecumenical_altar_gd
D:3:      layout_basic, hangedman_decor_riveting
D:4:      layout_basic, mainiacjoe_overflow_cross_hatched,
          chequers_temple_overflow_statue_of_worship, serial_forest,
          infiniplex_forest_clump_double, infiniplex_forest_clump_tiny,
          infiniplex_forest_lined_room_3, infiniplex_forest_corner_1,
          infiniplex_forest_clump_large, infiniplex_forest_lined_1,
          serial_shops, nicolae_diamond_shop
D:5:      layout_rooms
D:6:      layout_basic, vehumet_crystals
D:7:      layout_layer_cave, minmay_temple_entry_stoned_glass, serial_shops,
          nicolae_shop_overgrown_old_shop, minmay_misc_feat_x
D:8:      layout_loops_ring, nzn_wu_jian_council_hall,
          mainiacjoe_overflow_large_starburst, chequers_ossuary_entry_cave
D:9:      layout_roguey [special_room_kobold], nicolae_hepliaklqana_hazy_memory,
          serial_shops, nicolae_shop_hallway_stairs, shop,
          nicolae_lakefront_shop, hellmonk_bongcloud_opening

Skill      XL: |  1  2  3  4  5  6  7  8  9 |
---------------+----------------------------+-----
Throwing       | 1 2 3 4 5 7 |  7.5
Unarmed Combat | 4 5 6 7 9 |  9.2
Fighting       | 3 4 6 7 |  7.5
Dodging        | |  2.5

Action                   |  1- 3 |  4- 6 |  7- 9 | 10-12 || total
-------------------------+-------+-------+-------+-------++-------
Melee: Unarmed           |   110 |    81 |   177 |    18 ||   386
       Punch             |     3 |     2 |     9 |     1 ||    15
Throw: Stone             |     2 |       |    12 |     6 ||    20
       Large rock        |       |    26 |    66 |     5 ||    97
Invok: Berserk           |     3 |     3 |     5 |       ||    11
       Trog's Hand       |       |       |     1 |     2 ||     3
Evoke: Wand              |       |       |       |     2 ||     2
  Use: Scroll            |       |     1 |     5 |       ||     6
       Potion            |       |       |     1 |     2 ||     3
 Stab: Sleeping          |     2 |       |       |       ||     2
Armor: Animal skin       |    37 |    28 |    22 |    11 ||    98
Dodge: Dodged            |    66 |    43 |    84 |    28 ||   221

Table legend: (Time is in decaauts)
 A = Elapsed time spent in this place.
 B = Non-inter-level travel time spent in this place.
 C = Inter-level travel time spent in this place.
 D = Time resting spent in this place.
 E = Time spent auto-exploring this place.
 F = Levels seen in this place.
 G = Mean time per level.
                   A        B        C        D        E       F      G
               +--------+--------+--------+--------+--------+-----+--------+
         Total |  13010 |  12169 |    841 |   5498 |   4733 |  10 | 1301.0 |
       Dungeon |  12496 |  11655 |    841 |   5365 |   4481 |   9 | 1388.4 |
       Ossuary |    513 |    513 |      0 |    132 |    251 |   1 |  513.0 |
               +--------+--------+--------+--------+--------+-----+--------+

Top non-repeatable levels by time:
     D:1: 2356 daAuts
     D:4: 2267 daAuts
     D:7: 1787 daAuts
     D:6: 1780 daAuts
     D:2: 1258 daAuts
     D:5: 1154 daAuts
     D:3: 786 daAuts
     D:8: 739 daAuts
 Ossuary: 513 daAuts
     D:9: 365 daAuts
